 Dungeon Crawl Stone Soup version 0.30.0-29-ga12c61a403 (webtiles) character file.

Game seed: 4428132037473080897

45196 ppsocheesy the Tortoise (level 14, 0/102 HPs)
             Began as a Minotaur Berserker on June 21, 2023.
             Was the Champion of Trog.
             Shot with an arrow by Nessos (10 damage)
             ... on level 5 of the Lair of Beasts on June 22, 2023.
             The game lasted 01:23:58 (22258 turns).

ppsocheesy the Tortoise (Minotaur Berserker)       Turns: 22258, Time: 01:23:59

Health: 0/102      AC: 34    Str: 23    XL:     14   Next: 0%
Magic:  13/13      EV: 12    Int:  6    God:    Trog [******]
Gold:   1008       SH:  0    Dex: 18    Spells: 13/13 levels left

rFire   . . .        S - +5 executioner's axe
rCold   . . .        (shield currently unavailable)
rNeg    + . .        h - +6 plate armour
rPois   +            (helmet restricted)
rElec   .            B - +1 cloak {rPois}
rCorr   .            j - +0 pair of gloves
SInv    .            R - +0 pair of boots
Will    +....        d - amulet of regeneration Stlth
                     G - +4 ring of protection
HPRegen 1.17/turn    b - ring of positive energy
MPRegen 0.13/turn

%: clarity
@: on berserk cooldown, slowed, very slow
A: horns 2, retaliatory headbutt, agile 2, clarity, clever 1
a: Renounce Religion, Berserk, Trog's Hand, Brothers in Arms


You were on level 5 of the Lair of Beasts.
You worshipped Trog.
Trog was exalted by your worship.
You visited 3 branches of the dungeon, and saw 16 of its levels.
You also visited: Sewer, Ossuary and Bailey.

You collected 1008 gold pieces.

Inventory:

Hand Weapons
 H - the +6 spear "Riozat" {speed, rF+ rC+ Dex+5}
   (You found it on level 5 of the Dungeon)

   Dex:       It affects your dexterity (+5).
   rF:        It protects you from fire.
   rC:        It protects you from cold.
 S - a +5 executioner's axe (weapon)
 Y - a +2 heavy glaive
Missiles
 W - 10 boomerangs (quivered)
Armour
 h - a +6 plate armour (worn)
 j - a +0 pair of gloves (worn)
 B - a +1 cloak of poison resistance (worn)
 R - a +0 pair of boots (worn)
 V - +0 acid dragon scales
Jewellery
 b - a ring of positive energy (right hand)
 d - an amulet of regeneration (around neck)
 g - a ring of poison resistance
 G - a +4 ring of protection (left hand)
Wands
 x - a wand of mindburst (28)
 E - a wand of charming (12)
 J - a wand of flame (35)
 T - a wand of iceblast (9)
 Z - a wand of digging (3)
Scrolls
 a - a scroll of torment {unknown}
 c - 8 scrolls of teleportation
 e - 3 scrolls of vulnerability
 f - 4 scrolls of silence
 i - 2 scrolls of identify
 m - 3 scrolls of magic mapping {unknown}
 n - 2 scrolls of fog {unknown}
 v - 4 scrolls of poison
 y - 3 scrolls of immolation
 D - 2 scrolls of blinking {unknown}
 F - 2 scrolls of acquirement {unknown}
 K - 5 scrolls of noise
 L - 4 scrolls of amnesia
 N - 4 scrolls of fear
 Q - a scroll of brand weapon {unknown}
Potions
 k - 2 potions of resistance
 l - 5 potions of attraction
 p - 5 potions of brilliance
 q - 4 potions of heal wounds
 r - 3 potions of invisibility {unknown}
 s - a potion of magic {unknown}
 t - 4 potions of mutation
 u - 4 potions of curing {unknown}
 w - 3 potions of ambrosia {unknown}
 z - a potion of haste {unknown}
 C - 2 potions of lignification {unknown}
 I - a potion of cancellation {unknown}
 M - 2 potions of berserk rage {unknown}
 O - a potion of might {unknown}
 P - a potion of degeneration {unknown}
Miscellaneous
 o - a condenser vane
 U - a piece from Xom's chessboard (15/15)
 X - a lightning rod (4/4)


   Skills:
 - Level 3.6 Fighting
 - Level 11.8(15.7) Axes
 - Level 16.7(18.1) Polearms
 * Level 17.4 Armour
 * Level 9.0 Dodging
 - Level 0.9 Stealth
 * Level 5.4 Evocations


You had 13 spell levels left.
You didn't know any spells.
Your spell library contained the following spells:

 Spells                   Type           Power      Damage    Failure   Level
 Portal Projectile        Hex/Tloc       0%         N/A       100%        3
 Tukima's Dance           Hex            0%         N/A       100%        3
 Animate Armour           Summ/Erth      0%         N/A       100%        4
 Blade Hands              Tmut           0%         N/A       100%        5
 Iron Shot                Conj/Erth      0%         9d1       100%        6


Dungeon Overview and Level Annotations

Branches:
Dungeon (10/15)            Temple (0/1) D:5            Lair (5/5) D:10
  Swamp (0/4) Lair:3       Spider (1/4) Lair:2        Slime (0/5) Lair:4
    Orc (0/2) D:10          Sewer (visited)         Ossuary (visited)
 Bailey (visited)

Altars:
Ashenzari
Elyvilon
Fedhas
Gozag
Hepliaklqana
Makhleb
Nemelex Xobeh
Qazlal
Ru
Sif Muna
Trog
Yredelemnul
Zin
The Shining One
Jiyva

Shops:
D:1 *=   D:4 =   D:6 =

Annotations:
D:6 Dowan, Duvessa
Lair:5 Nessos


Innate Abilities, Weirdness & Mutations

You have a pair of horns on your head.
You reflexively headbutt those who attack you in melee.
You are very agile. (Dex +8, Str/Int -2)
You possess an exceptional clarity of mind.
Your mind is acute. (Int +4, Str/Dex -1)


Message History

You slice one of the 11-headed hydra's heads off!
The ten-headed hydra grows two more!
You slice the 12-headed hydra!! You slash the elephant!
You kill the elephant!
Trog accepts your kill.
You barely miss Nessos.
The black mamba bites you but does no damage.
Nessos closely misses you. Nessos kicks you but does no damage.
The 12-headed hydra barely misses you. You furiously retaliate!
You headbutt the 12-headed hydra!
You kill the 12-headed hydra!
Trog accepts your kill. The black mamba bites you!
Nessos mumbles some strange words.
Nessos blinks!
You slice the black mamba!!
You kill the black mamba!
Trog accepts your kill.
Nessos stands on their hind legs for a moment.
Nessos wields a +1 longbow of flaming.
It bursts into flame!
Nessos shoots an arrow.
The arrow misses you.
You have reached level 14!
Nessos shoots an arrow.
The arrow hits you!
* * * LOW HITPOINT WARNING * * *
The arrow burns you.
* * * LOW HITPOINT WARNING * * *
Nessos shoots an arrow.
The arrow hits you!
* * * LOW HITPOINT WARNING * * *
The arrow burns you.
* * * LOW HITPOINT WARNING * * *
You feel a strong urge to attack something.
Nessos shoots an arrow.
The arrow hits you.
* * * LOW HITPOINT WARNING * * *
The arrow burns you.
* * * LOW HITPOINT WARNING * * *
Nessos shoots an arrow.
The arrow closely misses you.
You feel your anger nearly subside.
You are no longer berserk.
You are exhausted.
You feel yourself slow down.
Nessos shoots an arrow.
The arrow hits you!
You die...

...♣♣
♣♣♣♣...†♣♣......♣♣♣♣..♣
..♣♣
♣♣♣♣♣....♣♣♣♣♣♣♣♣♣...♣♣..♣♣
.♣♣♣♣♣.......♣♣ ♣♣......♣
♣♣ ♣........♣♣ ♣♣♣..♣♣♣ ♣
..........♣♣ ♣...♣
...........♣♣♣♣ ♣...♣
..............♣♣♣♣♣ ♣....♣
..................♣♣♣..♣♣♣
.............@.........♣
..#..#..................
#.#.##...............P.♣
#...................PP#
#...........c....[....#
....................#
.................##
P...............#
#................


You could see Nessos (fast).

Vanquished Creatures
  4 hydras
  2 boulder beetles
  2 two-headed ogres (D:9)
  6 death yaks (Lair:4)
  Urug (Lair:2)
  Nergalle (Lair:2)
  A skyshark (Lair:4)
  An orb spider (Lair:2)
  Pikel (D:5)
  An orc knight (Bailey)
  9 elephants (Lair:5)
  Maurice (D:8)
  5 black mambas
  3 rime drakes
  5 komodo dragons
  A cane toad (Lair:2)
  6 polar bears
  A troll (D:10)
  Prince Ribbit (D:6)
  5 hornets
  2 dream sheep (Lair:5)
  12 blink frogs
  A shadow (D:10)
  10 spriggans (Lair:5)
  Sigmund (D:5)
  2 slime creatures (Lair:4)
  5 wyverns
  36 yaks
  A wraith (D:10)
  3 basilisks (Lair:2)
  A redback (Spider:1)
  2 steam dragons (D:7)
  A swamp worm (Lair:3)
  An acid dragon (D:9)
  13 water moccasins
  4 orc warriors
  3 sky beasts (D:7)
  An ice beast (D:6)
  6 black bears
  41 wolves
  3 ogres
  5 boggarts (Lair:5)
  2 centaurs
  2 elf zombies (Ossuary)
  Blork the orc (D:5)
  2 lemures (D:5)
  17 kobold brigands
  15 bullfrogs
  6 scorpions
  A wyvern zombie (D:6)
  4 wights (D:9)
  6 killer bees
  4 electric eels
  3 howler monkeys (D:8)
  2 centaur zombies (Ossuary)
  A human zombie (Ossuary)
  4 hounds
  14 jellies
  7 orc priests
  3 gnoll boudas
  6 iguanas
  3 sleepcaps
  14 orc wizards
  A howler monkey zombie (D:6)
  3 mummies
  9 adders
  19 gnolls
  6 river rats (Sewer)
  4 shadow imps
  2 white imps (D:7)
  A dart slug (D:1)
  30 orcs
  8 ball pythons
  4 bats
  18 endoplasms
  5 giant cockroaches
  12 goblins
  7 hobgoblins
  5 quokkas
  5 frilled lizards
  A goblin zombie (Ossuary)
  8 hobgoblin zombies (Ossuary)
  2 jackal zombies (Ossuary)
  37 kobolds
  10 kobold zombies (Ossuary)
  9 orc zombies (Ossuary)
  29 rats
  2 rat zombies (Ossuary)
565 creatures vanquished.

Notes
Turn   | Place    | Note
-------+----------+-------------------------------------------
     0 | D:1      | ppsocheesy the Minotaur Berserker began the quest for the
                  | Orb.
     0 | D:1      | Reached XP level 1. HP: 19/19 MP: 0/0
   137 | D:1      | Found Gado's Assorted Antiques.
   181 | D:1      | Found a faded altar of an unknown god.
   210 | D:1      | Reached XP level 2. HP: 26/26 MP: 1/1
   327 | D:1      | Found Boiluguk's Jewellery Emporium.
   983 | D:2      | Reached skill level 5 in Axes
  1035 | D:2      | Reached XP level 3. HP: 31/31 MP: 2/2
  1250 | D:3      | Reached XP level 4. HP: 22/39 MP: 3/3
  1353 | D:3      | Found a glowing drain.
  1426 | D:3      | Found a bloodstained altar of Trog.
  1515 | D:3      | Reached ** piety under Trog
  1683 | D:3      | Reached XP level 5. HP: 33/45 MP: 4/4
  1692 | Sewer    | Entered a sewer
  2188 | Sewer    | Reached XP level 6. HP: 22/51 MP: 5/5
  2555 | Sewer    | Reached *** piety under Trog
  3276 | D:4      | Reached XP level 7. HP: 57/57 MP: 6/6
  3360 | D:4      | Reached skill level 10 in Axes
  3407 | D:4      | Found a glowing silver altar of Zin.
  3903 | D:4      | Found Tessoror's Jewellery Boutique.
  4193 | D:4      | Reached skill level 3 in Armour
  4257 | D:4      | Found a stormy altar of Qazlal.
  4822 | D:5      | Entered Level 5 of the Dungeon
  4915 | D:5      | Noticed Pikel
  4927 | D:5      | Killed Pikel
  4928 | D:5      | Reached skill level 5 in Armour
  4928 | D:5      | Reached XP level 8. HP: 64/64 MP: 7/7
  4992 | D:5      | Found a staircase to the Ecumenical Temple.
  5144 | D:5      | Reached skill level 6 in Armour
  5460 | D:5      | Noticed Sigmund
  5481 | D:5      | Killed Sigmund
  5509 | D:5      | Found a broken altar of Ashenzari.
  5634 | D:5      | Reached skill level 7 in Armour
  5660 | D:5      | Identified the +6 spear "Riozat" {speed, rF+ rC+ Dex+5}
  5837 | D:5      | Noticed Blork the orc
  5841 | D:5      | Killed Blork the orc
  6055 | D:6      | Reached XP level 9. HP: 69/70 MP: 8/8
  6073 | D:6      | Reached skill level 1 in Polearms
  6079 | D:6      | Found a transporter.
  6092 | D:6      | Noticed Prince Ribbit
  6105 | D:6      | Killed Prince Ribbit
  6106 | D:6      | Found Sogustoi's Jewellery Shop.
  6283 | D:6      | Reached skill level 8 in Armour
  6319 | D:6      | Found a transporter.
  6826 | D:6      | Found a glowing golden altar of the Shining One.
  7506 | D:6      | Found a sparkling altar of Nemelex Xobeh.
  7511 | D:6      | Noticed Dowan
  7512 | D:6      | Noticed Duvessa
  7564 | D:6      | Found a basalt altar of Yredelemnul.
  7649 | D:6      | Found an opulent altar of Gozag.
  7955 | D:7      | Found a sand-covered staircase.
  8018 | Ossuary  | Entered an ossuary
  8099 | Ossuary  | Reached **** piety under Trog
  8145 | Ossuary  | Reached skill level 5 in Polearms
  8155 | Ossuary  | Reached skill level 9 in Armour
  8163 | Ossuary  | Reached skill level 5 in Dodging
  8798 | D:7      | Reached XP level 10. HP: 75/77 MP: 9/9
  9364 | D:8      | Reached ***** piety under Trog
 10341 | D:8      | Noticed Maurice
 10357 | D:8      | Found a shimmering blue altar of Sif Muna.
 10424 | D:8      | Killed Maurice
 11886 | D:9      | Noticed a two-headed ogre
 11897 | D:9      | Killed a two-headed ogre
 11898 | D:9      | Reached skill level 10 in Polearms
 11898 | D:9      | Reached skill level 10 in Armour
 12449 | D:9      | Noticed a two-headed ogre
 12462 | D:9      | Killed a two-headed ogre
 12956 | D:9      | Gained mutation: You have hidden genetic potential. [potion
                  | of mutation]
 12956 | D:9      | Gained mutation: Your mind is acute. (Int +4, Str/Dex -1)
                  | [potion of mutation]
 12956 | D:9      | Gained mutation: You are agile. (Dex +4, Str/Int -1)
                  | [potion of mutation]
 13116 | D:10     | Entered Level 10 of the Dungeon
 13223 | D:10     | Found a sacrificial altar of Ru.
 13268 | D:10     | Found a flagged portal.
 13292 | Bailey   | Entered a bailey
 13349 | Bailey   | Reached XP level 11. HP: 67/82 MP: 10/10
 13554 | Bailey   | Noticed an orc knight
 13587 | Bailey   | Killed an orc knight
 13588 | Bailey   | Reached skill level 11 in Armour
 13635 | Bailey   | Reached skill level 1 in Evocations
 13858 | Bailey   | Found an iron altar of Okawaru.
 13949 | D:10     | Found a white marble altar of Elyvilon.
 14065 | D:10     | Found a staircase to the Lair.
 14168 | D:10     | Found a burning altar of Makhleb.
 14284 | D:10     | Found a blossoming altar of Fedhas.
 14332 | D:10     | Found a staircase to the Orcish Mines.
 14477 | D:10     | Found a hazy altar of Hepliaklqana.
 14581 | Lair:1   | Entered Level 1 of the Lair of Beasts
 14635 | Lair:1   | Received a gift from Trog
 14660 | Lair:1   | Gained mutation: You possess an exceptional clarity of
                  | mind. [hidden potential]
 14730 | Lair:1   | Reached skill level 12 in Armour
 15786 | Lair:2   | Noticed Nergalle
 15824 | Lair:2   | Killed Nergalle
 16374 | Lair:2   | Noticed a six-headed hydra
 16385 | Lair:2   | Killed a six-headed hydra
 16386 | Lair:2   | Reached XP level 12. HP: 90/90 MP: 11/11
 16478 | Lair:2   | Reached skill level 13 in Armour
 17097 | Lair:2   | Found a hole to the Spider Nest.
 17172 | Lair:2   | Gained mutation: You are very agile. (Dex +8, Str/Int -2)
                  | [hidden potential]
 17172 | Lair:2   | Lost mutation: You have hidden genetic potential. [hidden
                  | potential expressed]
 17478 | Lair:2   | Noticed a boulder beetle
 17479 | Lair:2   | Noticed Urug
 17494 | Lair:2   | Noticed an eight-headed hydra
 17500 | Lair:2   | Killed Urug
 17505 | Lair:2   | Killed an eight-headed hydra
 17544 | Lair:2   | Reached skill level 14 in Armour
 17866 | Lair:2   | Killed a boulder beetle
 18428 | Spider:1 | Entered Level 1 of the Spider Nest
 18437 | Spider:1 | Noticed a boulder beetle
 18494 | Lair:3   | Found a staircase to the Swamp.
 18705 | Lair:3   | Noticed a five-headed hydra
 18725 | Lair:3   | Killed a five-headed hydra
 18726 | Lair:3   | Reached skill level 15 in Polearms
 19703 | Lair:4   | Noticed a death yak
 19705 | Lair:4   | Noticed a death yak
 19708 | Lair:4   | Noticed a death yak
 19713 | Lair:4   | Killed a death yak
 19714 | Lair:4   | Noticed a death yak
 19714 | Lair:4   | Noticed a death yak
 19714 | Lair:4   | Noticed a death yak
 19726 | Lair:4   | Killed a death yak
 19727 | Lair:4   | Reached skill level 15 in Armour
 19737 | Lair:4   | Killed a death yak
 19743 | Lair:4   | Killed a death yak
 19774 | Lair:4   | Killed a death yak
 19775 | Lair:4   | Reached XP level 13. HP: 16/95 MP: 12/12
 20212 | Lair:4   | Found a viscous altar of Jiyva.
 20213 | Lair:4   | Found a staircase to the Slime Pits.
 21045 | Lair:4   | Reached skill level 16 in Armour
 21334 | Lair:5   | Entered Level 5 of the Lair of Beasts
 21714 | Lair:5   | Reached skill level 5 in Evocations
 22103 | Lair:5   | Received a gift from Trog
 22104 | Lair:5   | Reached skill level 17 in Armour
 22248 | Lair:5   | Noticed Nessos
 22254 | Lair:5   | Reached ****** piety under Trog
 22255 | Lair:5   | Reached XP level 14. HP: 58/102 MP: 13/13
 22258 | Lair:5   | Shot with an arrow by Nessos

Illustrated notes

Levels and vault maps discovered:
D:1:      dpeg_arrival_pond, layout_rooms, serial_shops,
          nicolae_shop_tiny_real_fake_doors, nicolae_shop_tiny_real_fake_doors,
          shapermc_ecumenical_altar_ellora, corexii_hall_statues_l,
          hex_intersection
D:2:      layout_rooms
D:3:      layout_basic, trog_butcher_becter, gup_sewer_entry_glass
D:4:      layout_loops_ring, marbit_many_paths, zin_academy, serial_shops, shop,
          kennysheep_opposing_triangles
D:5:      layout_gridville, mainiacjoe_overflow_cross_hatched,
          minmay_temple_entry_waves, uniq_sigmund, uniq_blork_the_orc,
          uniq_pikel
D:6:      gammafunk_steamed_eel, layout_basic, mainiacjoe_overflow_tiny_flanked,
          nicolae_gozag_seed_capital, nicolae_overflow_hidden_temple,
          lemuel_zombie_altar_yredelemnul, serial_shops,
          nicolae_shop_tiny_glass, uniq_duvessa, uniq_prince_ribbit1
D:7:      layout_basic, gup_ossuary_entry_pyramid
D:8:      layout_loops_ring, tgw_sif, serial_aquarium,
          aquarium_bridge_long_separate [aquarium_subvault_wall,
          aquarium_subvault_wall, aquarium_subvault_bridge,
          aquarium_subvault_bridge, aquarium_subvault_window,
          aquarium_subvault_bridge], aquarium_window_corner, aquarium_window_1,
          aquarium_window_1, aquarium_view_2a, aquarium_balcony_double_4,
          aquarium_pool_corner, uniq_maurice
D:9:      layout_roguey
D:10:     layout_roguey, mainiacjoe_overflow_paths, elyvilon_altar_5,
          mainiacjoe_overflow_catwalk, bloody_makhleb,
          worldfamousw_hep_ancestral_shrine, due_lair_maze_entry_diamond,
          orc_0_dummy, enter_bailey_3, minmay_misc_feat_square
Lair:1:   layout_long_grid, grunt_forest_stairs_basic
Lair:2:   layout_small_grid, nicolae_spider_entry_orb_guardian,
          pdpol_lair_cavern_descent, uniq_nergalle, uniq_urug
Lair:3:   layout_regular_city, nicolae_swamp_entry_splash_gauntlet,
          serial_bayou_shore_a, grunt_megastairs_3
Lair:4:   lemuel_slime, layout_long_grid, minmay_slime_entry_pillars
Lair:5:   minmay_lair_end_enchanted_forest, layout_regular_city,
          small_statue_intersection, serial_bayou_pond_d, uniq_nessos
Spider:1: layout_spider_delve, gammafunk_ghost_grave,
          hangedman_spider_tarantella_strand

Skill      XL: |  1  2  3  4  5  6  7  8  9 10 11 12 13 |
---------------+----------------------------------------+-----
Axes           | 4 5 6 7 8 9 11 | 11.8
Armour         | 5 7 9 10 12 15 17 | 17.4
Dodging        | 3 4 5 6 7 8 9 |  9.0
Polearms       | 7 11 13 15 16 | 16.7
Evocations     | 2 4 5 |  5.4
Fighting       | |  3.6
Stealth        | |  0.9

Action                     |  1- 3 |  4- 6 |  7- 9 | 10-12 | 13-15 || total
---------------------------+-------+-------+-------+-------+-------++-------
  Melee: Hand axe          |    52 |   165 |   124 |       |       ||   341
         Headbutt          |     6 |    17 |    77 |   224 |   250 ||   574
         Punch             |       |     1 |     6 |    13 |    13 ||    33
         Spear             |       |       |   237 |   969 |   739 ||  1945
         Executioner's axe |       |       |       |       |    12 ||    12
 Invoke: Berserk           |     1 |     6 |     6 |    19 |     4 ||    36
         Trog's Hand       |       |       |     1 |       |       ||     1
  Evoke: Lightning rod     |       |       |       |     1 |       ||     1
    Use: Scroll            |     1 |       |     9 |    10 |     8 ||    28
         Potion            |     1 |       |       |    10 |       ||    11
 Armour: Animal skin       |     3 |       |       |       |       ||     3
         Plate armour      |    12 |    90 |   122 |   336 |   342 ||   902
  Dodge: Dodged            |    20 |    72 |    83 |   214 |   310 ||   699
